 Dungeon Crawl Stone Soup version 0.22-a0-460-g49b1da7 (webtiles) character file.

23 Azzok the Digger (level 2, -3/15 HPs)
             Began as a Deep Elf Earth Elementalist on June 9, 2018.
             Killed from afar by Sigmund (5 damage)
             ... with a magic dart
             ... on level 2 of the Dungeon.
             The game lasted 00:01:21 (902 turns).

Azzok the Digger (Deep Elf Earth Elementalist)       Turns: 902, Time: 00:01:22

Health: -3/15      AC:  2    Str:  5    XL:     2   Next: 75%
Magic:  8/8        EV: 13    Int: 19    God:
Gold:   32         SH:  0    Dex: 15    Spells: 6/7 levels left

rFire    . . .     SeeInvis .   (no weapon)
rCold    . . .     Gourm    .   (no shield)
rNeg     . . .     Faith    .   c - +0 robe
rPois    .         Spirit   .   (no helmet)
rElec    .         Reflect  .   (no cloak)
rCorr    .         Harm     .   (no gloves)
MR       .....                  (no boots)
Stlth    +.........             (no amulet)
HPRegen  0.05/turn              (no ring)
MPRegen  0.11/turn              (no ring)

@: confused, lethally poisoned (-3 -> -8)
A: no striking features
a: no special abilities


You were on level 2 of the Dungeon.
You were not hungry.

You visited 1 branch of the dungeon, and saw 2 of its levels.

You collected 32 gold pieces.

Inventory:

Missiles
 b - 88 stones (quivered)
Armour
 c - a +0 robe (worn)
Scrolls
 a - a scroll of identify {unknown}
 g - a scroll of teleportation {unknown}
 i - a scroll of immolation {unknown}
 j - a scroll of enchant weapon {unknown}
Potions
 e - a potion of agility {unknown}
 h - a potion of might {unknown}
 k - a potion of curing {unknown}
Comestibles
 d - 3 rations
 f - 2 chunks of flesh


   Skills:
 - Level 2.4 Dodging
 - Level 2.4 Stealth
 - Level 3.0 Spellcasting
   Level 1.1 Transmutations
 + Level 4.5 Earth Magic


You had 6 spell levels left.
You knew the following spells:

 Your Spells              Type           Power        Failure   Level  Hunger
a - Sandblast             Erth           ###...       2%          1    None

Your spell library contained the following spells:

 Spells                   Type           Power        Failure   Level  Hunger
 Stone Arrow              Conj/Erth      ##....       19%         3    ###....
 Passwall                 Tmut/Erth      ##......     8%          2    ##.....
 Lee's Rapid Deconstruct  Erth           ###.......   54%         5    ######.
 Petrify                  Tmut/Erth      ##......     43%         4    ####...


Dungeon Overview and Level Annotations

Branches:
Dungeon (2/15)

Altars:

Annotations:
D:2 Sigmund


Message History

Sigmund completely misses you.
You feel sick. The adder bites you.
You are lethally poisoned!
The adder poisons you! Sigmund casts a spell at you.
You are more confused.
The adder misses you.
You feel sick.
There is a stone staircase leading down here.
You hit the adder but do no damage. The adder closely misses you.
The leopard gecko closely misses you.
You feel sick. The adder bites you but does no damage.
Sigmund closely misses you. The adder bites you.
* * * LOW HITPOINT WARNING * * *
You miss the adder. The leopard gecko closely misses you.
The adder barely misses you. Sigmund gestures at you while chanting.
The magic dart hits you!
You die...

▒▒▒▒▒ ▒▒···▒▒
▒▒<····▒▒
▒··[··!·▒
▒···l@··▒
▒···S···▒
▒···@··▒▒
▒·······▒
▒··$······▒
···········▒
············▒
·····▒·····▒▒
·····▒▒···▒▒


You could see Sigmund, an adder and a leopard gecko.

Vanquished Creatures
  An ooze (D:1)
  A giant cockroach (D:1)
  3 goblins (D:1)
  2 hobgoblins (D:1)
  4 jackals (D:1)
  A ball python (D:1)
  A bat (D:1)
  2 frilled lizards (D:1)
  3 rats (D:1)
18 creatures vanquished.

Notes
Turn   | Place    | Note
-------+----------+-------------------------------------------
     0 | D:1      | Azzok the Deep Elf Earth Elementalist began the quest for the Orb.
     0 | D:1      | Reached XP level 1. HP: 10/10 MP: 6/6
   175 | D:1      | Reached XP level 2. HP: 15/15 MP: 5/8
   181 | D:1      | Reached skill level 4 in Earth Magic
   892 | D:2      | Noticed Sigmund
   902 | D:2      | Killed from afar by Sigmund

Vault maps used:
D:1:      saegor_arrival_under_anarchy
D:2:      nemelex_lonely_heart_becter, uniq_sigmund, uniq_natasha, uniq_terence

Skill      XL: |  1  2 |
---------------+-------+-----
Earth Magic    | 4 |  4.5
Dodging        | |  2.4
Stealth        | |  2.4
Spellcasting   | |  3.0
Transmutations | |  1.1

Action                   || total
-------------------------++-------
Melee: Unarmed           ||     9
 Cast: Sandblast         ||    22
Armor: Robe              ||     5
Dodge: Dodged            ||    21

Table legend:
 A = Spawn XP
 B = Non-spawn XP
 C = Spawn XP percentage of total XP
 D = Spawn monster count
 E = Non-spawn monster count
 F = Spawn count percentage of total count
 G = Total turns spent on level
                    A         B        C        D         E        F      G
               +---------+---------+-------+---------+---------+-------+---------
         Total |       0 |      34 |   0.0 |       0 |      18 |   0.0 |   902
               +---------+---------+-------+---------+---------+-------+---------
           D:1 |       0 |      34 |   0.0 |       0 |      18 |   0.0 |   892
               +---------+---------+-------+---------+---------+-------+---------
